 Dungeon Crawl Stone Soup version 0.25-a0-829-g4e6a552 (webtiles) character file.

Game seed: 17413141409801678192, levelgen mode: deterministic

7739 Ayyar the Protected (level 11, -2/71 HPs)
             Began as a Gargoyle Fighter on Apr 20, 2020.
             Was an Elder of Okawaru.
             Slain by a wraith (4 damage)
             ... led by Josephine
             ... on level 10 of the Dungeon on Apr 21, 2020.
             The game lasted 00:42:44 (9743 turns).

Ayyar the Protected (Gargoyle Fighter)              Turns: 9743, Time: 00:42:44

Health: -2/71      AC: 26    Str: 25    XL:     11   Next: 20%
Magic:  11/11      EV:  7    Int:  9    God:    Okawaru [****..]
Gold:   549        SH: 11    Dex:  9    Spells: 10/10 levels left

rFire    . . .     SeeInvis .   r - +0 morningstar
rCold    . . .     Gourm    .   c - +0 kite shield
rNeg     + . .     Faith    .   z - +0 chain mail
rPois    ∞         Spirit   .   E - +0 helmet
rElec    +         Reflect  .   y - +0 cloak
rCorr    .         Harm     .   g - +2 pair of gloves
MR       .....                  x - +0 pair of boots
Stlth    ..........             (no amulet)
HPRegen  0.21/turn              (no ring)
MPRegen  0.12/turn              m - +2 ring of strength

@: mighty, slowed, lightly drained, very slow
A: negative energy resistance 1, electricity resistance, unbreathing,
petrification resistance, rot immunity, AC +8
a: Heroism, Renounce Religion


You were on level 10 of the Dungeon.
You worshipped Okawaru.
Okawaru was greatly pleased with you.
You were not hungry.

You visited 2 branches of the dungeon, and saw 11 of its levels.
You also visited: Sewer.

You collected 549 gold pieces.

Inventory:

Hand Weapons
 r - a +0 morningstar (weapon)
Missiles
 a - 3 silver boomerangs
 t - 23 poisoned darts (quivered)
 u - 16 boomerangs
 v - 5 javelins
Armour
 c - a +0 kite shield (worn)
 g - a +2 pair of gloves (worn)
 x - a +0 pair of boots (worn)
 y - a +0 cloak (worn)
 z - a +0 chain mail (worn)
 E - a +0 helmet (worn)
Jewellery
 m - a +2 ring of strength (right hand)
 F - an uncursed amulet of guardian spirit
 I - an uncursed amulet of the gourmand
Wands
 b - a wand of random effects (20)
 h - a wand of flame (23)
 q - a wand of digging (9)
 w - a wand of paralysis (6)
Scrolls
 e - a scroll of brand weapon {unknown}
 k - 9 scrolls of identify
 l - 7 scrolls of enchant armour
 n - a scroll of immolation {unknown}
 C - 2 scrolls of remove curse
 D - 3 scrolls of magic mapping
 G - a scroll of silence {unknown}
Potions
 i - 10 potions of curing
 j - a potion of stabbing {unknown}
 o - 2 potions of haste {unknown}
 p - 2 potions of mutation {unknown}
 s - 3 potions of brilliance
 A - a potion of magic {unknown}
 B - 2 potions of flight {unknown}
 H - 2 potions of might
Comestibles
 d - 3 chunks of flesh
 f - 14 rations


   Skills:
 + Level 9.5(8.9) Fighting
 + Level 8.5(7.9) Maces & Flails
 + Level 4.3(3.8) Throwing
 + Level 9.5(9.0) Armour
 + Level 9.5(8.9) Shields


You had 10 spell levels left.
You didn't know any spells.
Your spell library was empty.

Dungeon Overview and Level Annotations

Branches:
Dungeon (10/15)            Temple (1/1) D:5           Sewer (visited)
   Lair: D:8-11         Orc: D:9-12

Altars:
Ashenzari
Cheibriados
Dithmenos
Elyvilon
Fedhas
Gozag
Hepliaklqana
Kikubaaqudgha
Makhleb
Nemelex Xobeh
Okawaru
Qazlal
Ru
Sif Muna
Trog
Uskayaw
Vehumet
Wu Jian
Xom
Yredelemnul
Zin
The Shining One

Shops:
D:7 *

Annotations:
D:7 1 runed translucent door, Vilemaster47's ghost, novice DrCj
D:10 Josephine


Innate Abilities, Weirdness & Mutations

You are resistant to torment.
Your stone body is resilient. (AC +8)
You are immune to poison.
You resist negative energy. (rN+)
You are resistant to electric shocks. (rElec)
You can survive without breathing.
You are immune to petrification.
You are immune to rotting.


Message History

Josephine is lightly wounded.
You block the wraith's attack. The wraith barely misses you.
The ogre hits you with a +0 giant spiked club!
Josephine hits you but does no damage. You block the wraith's attack.
You fail to use your ability.
The wraith closely misses you. Josephine hits you but does no damage.
The ogre hits you with a +0 giant spiked club!!
* * * LOW HITPOINT WARNING * * *
The wraith barely misses you. You block the wraith's attack.
Josephine hits you but does no damage.
You barely miss Josephine.
Josephine is lightly wounded.
You block the wraith's attack. You block the ogre's attack.
The wraith hits you.
* * * LOW HITPOINT WARNING * * *
The wraith drains your vigour!
You feel as though you will be slow longer.
Josephine hits you but does no damage. The wraith hits you but does no damage.
The wraith hits you.
You die...

#.........#...........#
#.........#...........#
#.........#...........#
.......##.#####.....#
.... #..#...'.....##
.######(###..#...###.....
......).)..?.#.....#.....
.......O.....#.....#.....
.......W@.....#....+.....
..####.W@♣♣♣..+....#.....
. #..♣# #♣......#.....
#..♣ ♣.#....#..... #..♣#
#♣.######.....
#...♣♣♣..)))........
#........###........
#...#......#........
#.###.....##...#####


You could see Josephine, 2 wraiths and an ogre.

Vanquished Creatures
  Harold (D:8)
  Erolcha (D:9)
  Erica (D:8)
  Joseph (D:8)
  3 trolls
  Prince Ribbit (D:5)
  Grinder (D:5)
  A hippogriff (D:8)
  A wraith (D:10)
  5 yaks (D:9)
  Menkaure (D:7)
  2 water moccasins (D:9)
  3 orc warriors (D:7)
  2 ice beasts
  A phantom (D:8)
  A black bear (D:7)
  3 ogres
  2 centaurs
  A crocodile (Sewer)
  2 big kobolds
  A bullfrog (D:6)
  A scorpion (D:4)
  3 wights (D:7)
  7 crimson imps
  3 bullfrog zombies
  5 hounds
  A quasit (D:10)
  A jelly (D:10)
  Crazy Yiuf (D:7)
  2 orc priests
  A bullfrog skeleton (D:4)
  A centaur skeleton (D:4)
  12 orc wizards
  Natasha (thrice) (D:4)
  4 worker ants
  A hound zombie (D:9)
  3 hound skeletons
  2 worker ant zombies
  8 adders
  2 shadow imps
  An ooze (D:4)
  An adder skeleton (D:4)
  5 worms
  2 dart slugs
  5 leopard geckos
  30 orcs
  6 giant cockroaches
  10 goblins
  6 hobgoblins
  7 jackals
  3 quokkas
  2 ball pythons (D:4)
  13 bats
  4 frilled lizards
  A giant cockroach zombie (D:6)
  A goblin zombie (D:4)
  5 hobgoblin zombies (D:4)
  2 jackal skeletons
  18 kobolds
  2 kobold zombies (D:4)
  An orc skeleton (D:4)
  An orc zombie (D:4)
  A quokka skeleton (D:4)
  A quokka zombie (D:5)
  7 rats
231 creatures vanquished.

Vanquished Creatures (others)
  A jackal zombie (D:9)
1 creature vanquished.

Grand Total: 232 creatures vanquished

Notes
Turn   | Place    | Note
-------+----------+-------------------------------------------
     0 | D:1      | Ayyar the Gargoyle Fighter began the quest for the Orb.
     0 | D:1      | Reached XP level 1. HP: 14/14 MP: 1/1
   143 | D:1      | Found a shattered altar of Ashenzari.
   192 | D:1      | Reached XP level 2. HP: 19/19 MP: 2/2
   804 | D:2      | Reached XP level 3. HP: 23/23 MP: 3/3
  1618 | D:2      | Reached XP level 4. HP: 28/29 MP: 4/4
  2367 | D:3      | Found a snail-covered altar of Cheibriados.
  2376 | D:3      | Found a hide-covered altar of Uskayaw.
  2528 | D:3      | Reached XP level 5. HP: 28/33 MP: 5/5
  2591 | D:4      | Found a glowing drain.
  2617 | Sewer    | Entered a sewer
  2669 | Sewer    | Noticed a crocodile
  2683 | Sewer    | Killed a crocodile
  2683 | Sewer    | Reached XP level 6. HP: 7/39 MP: 6/6
  3097 | D:4      | Reached skill level 5 in Armour
  3134 | D:4      | Noticed Natasha
  3142 | D:4      | Killed Natasha
  3142 | D:4      | Reached skill level 5 in Fighting
  3142 | D:4      | Reached skill level 5 in Shields
  3146 | D:4      | Reached XP level 7. HP: 39/44 MP: 7/7
  3161 | D:4      | Noticed Natasha
  3176 | D:4      | Killed Natasha
  3552 | D:4      | Noticed Natasha
  3557 | D:4      | Killed Natasha
  3565 | D:4      | Found a glowing golden altar of the Shining One.
  3739 | D:5      | Entered Level 5 of the Dungeon
  3937 | D:5      | Reached XP level 8. HP: 36/51 MP: 8/8
  4159 | D:5      | Noticed Prince Ribbit
  4173 | D:5      | Killed Prince Ribbit
  4173 | D:5      | Reached skill level 5 in Maces & Flails
  4545 | D:5      | Found a staircase to the Ecumenical Temple.
  4554 | Temple   | Entered the Ecumenical Temple
  4676 | Temple   | Became a worshipper of Warmaster Okawaru
  4731 | D:5      | Noticed Grinder
  4742 | D:5      | Paralysed by Grinder for 4 turns
  4757 | D:5      | Killed Grinder
  5184 | D:5      | Found a shimmering altar of Xom.
  5534 | D:6      | Found a hazy altar of Hepliaklqana.
  6098 | D:6      | Reached * piety under Okawaru
  6098 | D:6      | Reached XP level 9. HP: 56/56 MP: 9/9
  6189 | D:7      | Noticed Vilemaster47's ghost (novice DrCj)
  6193 | D:7      | Identified the +5 ring mail of Kasafu {rElec} (You found it
                  | on level 7 of the Dungeon)
  6254 | D:7      | Found Leudiel's Assorted Antiques.
  6342 | D:7      | Found an opulent altar of Gozag.
  6353 | D:7      | Found a blossoming altar of Fedhas.
  6355 | D:7      | Found a sparkling altar of Nemelex Xobeh.
  6355 | D:7      | Found a burning altar of Makhleb.
  6365 | D:7      | Found a stormy altar of Qazlal.
  6410 | D:7      | Found an ancient bone altar of Kikubaaqudgha.
  6445 | D:7      | Found a runed translucent door.
  6699 | D:7      | Reached ** piety under Okawaru
  6744 | D:7      | Noticed Menkaure
  6758 | D:7      | Killed Menkaure
  7149 | D:7      | Found a runed translucent door.
  7150 | D:7      | Noticed Crazy Yiuf
  7206 | D:7      | Killed Crazy Yiuf
  7393 | D:7      | Found a glowing silver altar of Zin.
  7464 | D:8      | Noticed Joseph
  7490 | D:8      | Killed Joseph
  7490 | D:8      | Reached skill level 1 in Throwing
  7663 | D:8      | Noticed Erica
  7675 | D:8      | Killed Erica
  7675 | D:8      | Reached XP level 10. HP: 65/65 MP: 7/10
  7741 | D:8      | Noticed Harold
  7797 | D:8      | Reached *** piety under Okawaru
  7836 | D:8      | Killed Harold
  8478 | D:9      | Noticed Erolcha
  8492 | D:9      | Reached **** piety under Okawaru
  8524 | D:9      | Killed Erolcha
  8524 | D:9      | Reached XP level 11. HP: 18/71 MP: 8/11
  8833 | D:9      | Found a radiant altar of Vehumet.
  9310 | D:10     | Entered Level 10 of the Dungeon
  9310 | D:10     | Noticed Josephine
  9743 | D:10     | HP: 2/71 [wraith[Josephine] (3)]
  9743 | D:10     | Slain by a wraith

Levels and vault maps discovered:
D:1:      roderic_octagonal_star, layout_basic, evilmike_ruin_ashenzari
D:2:      layout_basic
D:3:      layout_rooms, minitemple, wad_orctagon
D:4:      layout_rooms, nicolae_tso_besieged_by_evil, first_ration,
          portal_sewer_entry_f, uniq_natasha
D:5:      wander_river, layout_loops_corners, marbit_many_paths,
          lemuel_temple_firewalk_b, uniq_prince_ribbit1, uniq_grinder
D:6:      layout_loops_ring, old_standard_altar, columned_hall_lemuel,
          kennysheep_nondescript
D:7:      layout_basic, grunt_temple_overflow_open, zin_treasury,
          hellmonk_ghost_happy_afterlife, serial_shops, shop,
          uniq_crazy_yiuf_cottage, uniq_menkaure
D:8:      layout_cave_pools, uniq_erica, uniq_joseph, uniq_harold
D:9:      layout_basic, fiery_altar_vehumet, uniq_erolcha
D:10:     layout_irregular_city, hangedman_fish_farm, minmay_stone_trees_small,
          uniq_josephine
Temple:   nicolae_temple_figure_zero

Skill      XL: |  1  2  3  4  5  6  7  8  9 10 11 |
---------------+----------------------------------+-----
Armour         | 4 5 6 8 9 |  9.5
Fighting       | 4 5 6 8 9 |  9.5
Shields        | 4 5 6 8 9 |  9.5
Maces & Flails | 3 4 5 7 8 |  8.5
Throwing       | 2 3 4 |  4.3

Action                   |  1- 3 |  4- 6 |  7- 9 | 10-12 || total
-------------------------+-------+-------+-------+-------++-------
Melee: Flail             |    99 |    72 |       |       ||   171
       Morningstar       |       |   180 |   434 |   286 ||   900
Throw: Dart              |       |       |    18 |    22 ||    40
Invok: Heroism           |       |       |     3 |     3 ||     6
  Use: Scroll            |     1 |     3 |    10 |     7 ||    21
       Potion            |       |     1 |     1 |     1 ||     3
  Eat: Chunk             |     2 |     6 |    12 |     7 ||    27
       Ration            |       |       |     1 |       ||     1
Armor: Scale mail        |    65 |   248 |   168 |       ||   481
       Chain mail        |       |       |    44 |   224 ||   268
Dodge: Dodged            |    32 |   116 |   105 |    98 ||   351
Block: Kite shield       |    65 |   205 |   250 |   211 ||   731

Table legend:
 A = Non-vault XP
 B = Vault XP
 C = Vault XP percentage of total XP
 D = Non-vault monster count
 E = Vault monster count
 F = Vault count percentage of total count
                 A         B        C        D         E       F
            +---------+---------+-------+---------+---------+-------
      Total |    6537 |    4520 |  40.9 |     196 |      35 |  15.2
            +---------+---------+-------+---------+---------+-------
        D:1 |      20 |       0 |   0.0 |      13 |       0 |   0.0
        D:2 |      73 |       0 |   0.0 |      21 |       0 |   0.0
        D:3 |     103 |      12 |  10.4 |      29 |       4 |  12.1
        D:4 |     482 |     101 |  17.3 |      29 |      15 |  34.1
        D:5 |     462 |     568 |  55.1 |      10 |       3 |  23.1
        D:6 |     430 |       0 |   0.0 |      14 |       0 |   0.0
        D:7 |    1251 |     213 |  14.5 |      27 |       2 |   6.9
        D:8 |     945 |    2391 |  71.7 |      23 |       3 |  11.5
        D:9 |    2117 |     918 |  30.2 |      15 |       1 |   6.2
       D:10 |     654 |     205 |  23.9 |      15 |       1 |   6.2
      Sewer |       0 |     112 | 100.0 |       0 |       6 | 100.0
            +---------+---------+-------+---------+---------+-------
